MID
HICKORY CRAWDADS @ LEXINGTON LEGENDS
08/12/2049
 
TOP OF THE 1ST
Hickory Crawdads batting - Pitching for Lexington Legends : RHP Itsuki Eguchi
Pitching: RHP Itsuki Eguchi
Batting: RHB Aaron Moore 0-0: Ball
1-0: Ball
2-0: DOUBLE (Line Drive, 7D, EV 100.0 MPH)
Batting: RHB Danny Murillo 0-0: Called Strike
0-1: Called Strike
Aaron Moore steals 3rd base
0-2: Foul Ball, location: 2F
0-2: Reached on error, E2 (Groundball, 2L, EV 73.8 MPH)
Aaron Moore scores
Batting: LHB Alfonso Collazo 0-0: Swinging Strike
0-1: Swinging Strike
0-2: Ball
1-2: Strikes out swinging passed ball, reaches first!
Danny Murillo to third
Batting: RHB Jorge Benites 0-0: Ball
1-0: Called Strike
1-1: Foul Ball, location: 2F
1-2: Ball
2-2: Foul Ball, location: 2F
2-2: Foul Ball, location: 2F
2-2: Strikes out swinging
Batting: RHB Aaron Graham 0-0: Ball
1-0: Called Strike
1-1: Swinging Strike
1-2: Ball
2-2: Foul Ball, location: 2F
2-2: Foul Ball, location: 2F
2-2: Ball
3-2: SINGLE (Groundball, 56D, EV 105.0 MPH) (infield hit)
Danny Murillo scores
Alfonso Collazo to second
Batting: RHB Jose Pineda 0-0: Ball
1-0: Ball
2-0: Called Strike
2-1: SINGLE (Line Drive, 6D, EV 94.4 MPH)
Alfonso Collazo to third
Aaron Graham to second
Batting: RHB Zach Thomason 0-0: Fly out, F4 (Popup, 34, EV 75.0 MPH)
Batting: RHB Edwin Soto 0-0: Called Strike
0-1: Ball
1-1: Foul Ball, location: 2F
1-2: Foul Ball, location: 2F
1-2: Ball
2-2: Ground out 4-3 (Groundball, 4MS, EV 66.2 MPH)
Top of the 1st over - 2 runs, 3 hits, 1 error, 3 left on base; Hickory 2 - Lexington 0
BOTTOM OF THE 1ST
Lexington Legends batting - Pitching for Hickory Crawdads : RHP Dan Dill
Pitching: RHP Dan Dill
Batting: LHB Efrem Isaev 0-0: Foul Ball, location: 2F
0-1: Called Strike
0-2: Ball
1-2: Ground out U3 (Groundball, 3S, EV 93.8 MPH)
Batting: RHB Jonas Fernandez 0-0: Called Strike
0-1: Fly out, F9 (Line Drive, 89D, EV 90.6 MPH)
Batting: LHB Edgar Ortiz 0-0: Ball
1-0: Ball
2-0: Ball
3-0: Called Strike
3-1: Called Strike
3-2: DOUBLE (Groundball, 3L, EV 102.5 MPH)
Batting: RHB Chang-keun Baik 0-0: DOUBLE (Flyball, 8RXD, EV 90.6 MPH)
Edgar Ortiz scores
Batting: LHB Vicente Hernandez 0-0: Foul Ball, location: 2F
0-1: Ball
1-1: Called Strike
1-2: Foul Ball, location: 2F
1-2: Foul Ball, location: 2F
1-2: Foul Ball, location: 2F
1-2: Strikes out swinging
Bottom of the 1st over - 1 run, 2 hits, 0 errors, 1 left on base; Hickory 2 - Lexington 1
TOP OF THE 2ND
Hickory Crawdads batting - Pitching for Lexington Legends : RHP Itsuki Eguchi
Batting: RHB Eduardo Chavez 0-0: Called Strike
0-1: Foul Ball, location: 2F
0-2: Ground out 6-3 (Groundball, 56D, EV 108.8 MPH)
Batting: RHB Aaron Moore 0-0: Ball
1-0: Ball
2-0: Swinging Strike
2-1: Ball
3-1: Base on Balls
Batting: RHB Danny Murillo 0-0: Ball
1-0: Foul Ball, location: 2F
1-1: Called Strike
Aaron Moore steals 2nd base (no throw)
1-2: Ball
2-2: Ground out 3-1 (Groundball, 34S, EV 88.8 MPH)
Aaron Moore to third
Batting: LHB Alfonso Collazo 0-0: Ball
1-0: Ball
2-0: 2-RUN HOME RUN (Flyball, 89XD, EV 102.5 MPH), Distance : 400 ft
Batting: RHB Jorge Benites 0-0: Ball
1-0: Called Strike
1-1: Ball
2-1: Foul Ball, location: 2F
2-2: Foul Ball, location: 2F
2-2: Foul Ball, location: 2F
2-2: Ball
3-2: SINGLE (Groundball, 56D, EV 103.8 MPH)
Batting: RHB Aaron Graham 0-0: Ball
1-0: DOUBLE (Flyball, 8LXD, EV 94.4 MPH)
Jorge Benites to third
Runner from 3rd tries for Home, SAFE, no throw by CF
Pitching: RHP Jordan Viveros
Batting: RHB Jose Pineda 0-0: Foul Ball, location: 2F
0-1: Called Strike
0-2: Foul Ball, location: 2F
0-2: SINGLE (Groundball, 25, EV 70.6 MPH) (infield hit)
Aaron Graham to third
Batting: RHB Zach Thomason 0-0: Called Strike
0-1: Ball
1-1: Ball
2-1: Foul Ball, location: 2F
2-2: Strikes out swinging
Top of the 2nd over - 3 runs, 4 hits, 0 errors, 2 left on base; Hickory 5 - Lexington 1
BOTTOM OF THE 2ND
Lexington Legends batting - Pitching for Hickory Crawdads : RHP Dan Dill
Batting: RHB David Rubio 0-0: Ball
1-0: Ball
2-0: Ground out 5-3 (Groundball, 56, EV 93.8 MPH)
Batting: LHB Shohei Nishi 0-0: Called Strike
0-1: Swinging Strike
0-2: Foul Ball, location: 2F
0-2: Ball
1-2: Ground out 5-3 (Groundball, 56S, EV 82.5 MPH)
Batting: RHB Ian Hornsby 0-0: Called Strike
0-1: Called Strike
0-2: Strikes out looking
Bottom of the 2nd over - 0 runs, 0 hits, 0 errors, 0 left on base; Hickory 5 - Lexington 1
TOP OF THE 3RD
Hickory Crawdads batting - Pitching for Lexington Legends : RHP Jordan Viveros
Batting: RHB Edwin Soto 0-0: Ball
1-0: Swinging Strike
1-1: Swinging Strike
1-2: Ball
2-2: Foul Ball, location: 2F
2-2: Foul Ball, location: 2F
2-2: Strikes out swinging
Batting: RHB Eduardo Chavez 0-0: Ball
1-0: Ball
2-0: Ball
3-0: Called Strike
3-1: Foul Ball, location: 2F
3-2: Base on Balls
Batting: RHB Aaron Moore 0-0: Called Strike
0-1: Ball
1-1: Ball
2-1: Foul Ball, location: 2F
2-2: Ball
3-2: Base on Balls
Eduardo Chavez to second
Batting: RHB Danny Murillo 0-0: Ball
1-0: Called Strike
1-1: Ball
Eduardo Chavez steals 3rd base
Aaron Moore to second
2-1: SINGLE (Line Drive, 6MD, EV 95.6 MPH)
Eduardo Chavez scores
Aaron Moore to third
Pitching: RHP Justin Potts
Batting: LHB Alfonso Collazo 0-0: Ball
Danny Murillo steals 2nd base
1-0: Swinging Strike
1-1: Foul Ball, location: 2F
1-2: Ball
2-2: 3-RUN HOME RUN (Flyball, 9D, EV 96.2 MPH), Distance : 369 ft
Batting: RHB Jorge Benites 0-0: Ball
1-0: Swinging Strike
1-1: Fly out, F7 (Flyball, 78S, EV 90.6 MPH)
Batting: RHB Aaron Graham 0-0: Ball
1-0: Ball
2-0: Foul Ball, location: 2F
2-1: Ground out 6-3 (Groundball, 6, EV 101.2 MPH)
Top of the 3rd over - 4 runs, 2 hits, 0 errors, 0 left on base; Hickory 9 - Lexington 1
BOTTOM OF THE 3RD
Lexington Legends batting - Pitching for Hickory Crawdads : RHP Dan Dill
Batting: LHB David Bearden 0-0: Ball
1-0: Ball
2-0: Ball
3-0: Base on Balls
Batting: LHB Efrem Isaev 0-0: Ball
1-0: Swinging Strike
1-1: Swinging Strike
1-2: Fielders Choice at 2nd, 1-6 (Groundball, 13, EV 68.1 MPH)
Batting: RHB Jonas Fernandez 0-0: Ball
1-0: Called Strike
Efrem Isaev steals 2nd base
1-1: Ground out 4-3 (Groundball, 4, EV 88.1 MPH)
Efrem Isaev to third
Batting: LHB Edgar Ortiz 0-0: Ball
1-0: Ground out 2-3 (Groundball, 2R, EV 66.9 MPH)
Bottom of the 3rd over - 0 runs, 0 hits, 0 errors, 1 left on base; Hickory 9 - Lexington 1
TOP OF THE 4TH
Hickory Crawdads batting - Pitching for Lexington Legends : RHP Justin Potts
Batting: RHB Jose Pineda 0-0: Ball
1-0: Ball
2-0: Foul Ball, location: 2F
2-1: Ball
3-1: TRIPLE (Flyball, 9LD, EV 91.9 MPH)
Batting: RHB Zach Thomason 0-0: Ground out 4-3 (Groundball, 34, EV 83.1 MPH)
Jose Pineda scores
Batting: RHB Edwin Soto 0-0: Ball
1-0: Ground out 5-3 (Groundball, 56, EV 95.0 MPH)
Batting: RHB Eduardo Chavez 0-0: SINGLE (Groundball, 56S, EV 69.4 MPH) (infield hit)
Batting: RHB Aaron Moore 0-0: Ball
1-0: Ball
2-0: Foul Ball, location: 2F
2-1: Ball
3-1: Base on Balls
Eduardo Chavez to second
Batting: RHB Danny Murillo 0-0: Ball
1-0: Foul Ball, location: 2F
1-1: Called Strike
1-2: Foul Ball, location: 2F
1-2: Ground out 4-3 (Groundball, 4, EV 78.1 MPH)
Top of the 4th over - 1 run, 2 hits, 0 errors, 2 left on base; Hickory 10 - Lexington 1
BOTTOM OF THE 4TH
Lexington Legends batting - Pitching for Hickory Crawdads : RHP Dan Dill
Batting: RHB Chang-keun Baik 0-0: DOUBLE (Line Drive, 5D, EV 94.4 MPH)
Batting: LHB Vicente Hernandez 0-0: Ball
1-0: Foul Ball, location: 2F
1-1: Ball
2-1: Called Strike
2-2: Ball
3-2: Base on Balls
Batting: RHB David Rubio 0-0: Grounds into double play, 6-4-3 (Groundball, 6, EV 83.8 MPH)
Chang-keun Baik to third
Batting: LHB Shohei Nishi 0-0: Called Strike
0-1: DOUBLE (Line Drive, 7LS, EV 111.9 MPH)
Chang-keun Baik scores
Batting: RHB Ian Hornsby 0-0: Called Strike
0-1: Ball
1-1: Ball
2-1: Ball
3-1: Foul Ball, location: 2F
3-2: Foul Ball, location: 2F
3-2: Fly out, F8 (Flyball, 8RD, EV 101.9 MPH)
Bottom of the 4th over - 1 run, 2 hits, 0 errors, 1 left on base; Hickory 10 - Lexington 2
TOP OF THE 5TH
Hickory Crawdads batting - Pitching for Lexington Legends : RHP Justin Potts
Batting: LHB Alfonso Collazo 0-0: Called Strike
0-1: Swinging Strike
0-2: Strikes out swinging
Pitching: RHP Oscar Cisneros
Batting: RHB Jorge Benites 0-0: Ball
1-0: Ball
2-0: Ball
3-0: Base on Balls
Batting: RHB Aaron Graham 0-0: Reached on error, E5 (Groundball, 5L, EV 88.8 MPH)
Jorge Benites to second
Batting: RHB Jose Pineda 0-0: Called Strike
0-1: Foul Ball, location: 2F
0-2: Ball
1-2: Foul Ball, location: 2F
1-2: Ball
2-2: Ball
3-2: Grounds into double play, 6-4-3 (Groundball, 6, EV 83.1 MPH)
Top of the 5th over - 0 runs, 0 hits, 1 error, 1 left on base; Hickory 10 - Lexington 2
BOTTOM OF THE 5TH
Lexington Legends batting - Pitching for Hickory Crawdads : RHP Dan Dill
Batting: LHB David Bearden 0-0: Ball
1-0: Ball
2-0: Called Strike
2-1: Swinging Strike
2-2: Foul Ball, location: 2F
2-2: Ball
3-2: Base on Balls
Batting: LHB Efrem Isaev 0-0: Called Strike
0-1: Ball
1-1: Ball
2-1: Foul Ball, location: 2F
2-2: Fly out, F7 (Flyball, 7S, EV 83.1 MPH)
Batting: RHB Jonas Fernandez 0-0: Ball
1-0: Ball
2-0: SINGLE (Groundball, 56D, EV 95.6 MPH)
David Bearden to second
Batting: LHB Edgar Ortiz 0-0: Called Strike
0-1: Fly out, F8 (Flyball, 8RM, EV 88.8 MPH)
Batting: RHB Chang-keun Baik 0-0: Ground out 5-3 (Groundball, 56S, EV 82.5 MPH)
Bottom of the 5th over - 0 runs, 1 hit, 0 errors, 2 left on base; Hickory 10 - Lexington 2
TOP OF THE 6TH
Hickory Crawdads batting - Pitching for Lexington Legends : RHP Oscar Cisneros
Batting: RHB Zach Thomason 0-0: Ball
1-0: Ball
2-0: Ball
3-0: Called Strike
3-1: Foul Ball, location: 2F
3-2: Ground out 4-3 (Groundball, 4M, EV 86.2 MPH)
Batting: RHB Edwin Soto 0-0: Ball
1-0: Foul Ball, location: 2F
1-1: Ball
2-1: Swinging Strike
2-2: Ball
3-2: Reached on error, E6 (Groundball, 56, EV 78.8 MPH)
Batting: RHB Eduardo Chavez 0-0: Ball
1-0: Called Strike
1-1: Ball
2-1: Ball
3-1: Swinging Strike
3-2: SINGLE (Line Drive, 7S, EV 101.2 MPH)
Edwin Soto to third
Batting: RHB Aaron Moore 0-0: Called Strike
0-1: Foul Ball, location: 2F
0-2: Foul Ball, location: 2F
0-2: Ball
1-2: Fly out, F7 (Flyball, 7D, EV 100.0 MPH)
Runner from 3rd tags up, SCORES, no throw by LF
Batting: RHB Danny Murillo 0-0: Foul Ball, location: 2F
0-1: Ball
1-1: SINGLE (Groundball, 6MS, EV 69.4 MPH) (infield hit)
Eduardo Chavez to second
Batting: LHB Alfonso Collazo 0-0: Ball
1-0: Ball
2-0: Foul Ball, location: 2F
2-1: Ground out 4-3 (Groundball, 34, EV 102.5 MPH)
Top of the 6th over - 1 run, 2 hits, 1 error, 2 left on base; Hickory 11 - Lexington 2
BOTTOM OF THE 6TH
Lexington Legends batting - Pitching for Hickory Crawdads : RHP Dan Dill
Batting: LHB Vicente Hernandez 0-0: Called Strike
0-1: Ball
1-1: Ball
2-1: Foul Ball, location: 2F
2-2: Foul Ball, location: 2F
2-2: Strikes out swinging
Batting: RHB David Rubio 0-0: Ball
1-0: Called Strike
1-1: Foul Ball, location: 2F
1-2: Ball
2-2: Strikes out looking
Batting: LHB Shohei Nishi 0-0: Foul Ball, location: 2F
0-1: Ball
1-1: Ball
2-1: Foul Ball, location: 2F
2-2: Foul Ball, location: 2F
2-2: Foul Ball, location: 2F
2-2: Strikes out looking
Bottom of the 6th over - 0 runs, 0 hits, 0 errors, 0 left on base; Hickory 11 - Lexington 2
TOP OF THE 7TH
Hickory Crawdads batting - Pitching for Lexington Legends : RHP Oscar Cisneros
Batting: RHB Jorge Benites 0-0: Called Strike
0-1: Ball
1-1: Swinging Strike
1-2: Foul Ball, location: 2F
1-2: Ball
2-2: Strikes out swinging
Batting: RHB Aaron Graham 0-0: Called Strike
0-1: Called Strike
0-2: Ball
1-2: Foul Ball, location: 2F
1-2: Ground out 1-3 (Groundball, 15S, EV 75.0 MPH)
Batting: RHB Jose Pineda 0-0: Called Strike
0-1: Foul Ball, location: 2F
0-2: Strikes out swinging
Top of the 7th over - 0 runs, 0 hits, 0 errors, 0 left on base; Hickory 11 - Lexington 2
BOTTOM OF THE 7TH
Lexington Legends batting - Pitching for Hickory Crawdads : RHP Dan Dill
Batting: RHB Ian Hornsby 0-0: Called Strike
0-1: Called Strike
0-2: Fly out, F9 (Flyball, 9LM, EV 81.9 MPH)
Batting: LHB David Bearden 0-0: Called Strike
0-1: Ball
1-1: Ball
2-1: Ball
3-1: Ground out U3 (Groundball, 3L, EV 84.4 MPH)
Batting: LHB Efrem Isaev 0-0: Called Strike
0-1: Foul Ball, location: 2F
0-2: Ball
1-2: Strikes out swinging
Bottom of the 7th over - 0 runs, 0 hits, 0 errors, 0 left on base; Hickory 11 - Lexington 2
TOP OF THE 8TH
Hickory Crawdads batting - Pitching for Lexington Legends : RHP Oscar Cisneros
Pitching: RHP Brian Hunt
Batting: RHB Zach Thomason 0-0: Ball
1-0: Foul Ball, location: 2F
1-1: Ball
2-1: Foul Ball, location: 2F
2-2: Ball
3-2: Foul Ball, location: 2F
3-2: Foul Ball, location: 2F
3-2: SINGLE (Flyball, 4MD, EV 86.9 MPH)
Batting: RHB Edwin Soto 0-0: DOUBLE (Groundball, 5L, EV 98.1 MPH)
Zach Thomason to third
Batting: RHB Eduardo Chavez 0-0: Called Strike
0-1: Ball
1-1: Ground out 6-3 (Groundball, 6, EV 87.5 MPH)
Zach Thomason scores
Edwin Soto to third
Batting: RHB Aaron Moore 0-0: Foul Ball, location: 2F
0-1: Ground out 5-3 (Groundball, 56, EV 88.1 MPH)
Edwin Soto scores
Batting: RHB Danny Murillo 0-0: Ball
1-0: Fly out, F7 (Flyball, 78M, EV 84.4 MPH)
Top of the 8th over - 2 runs, 2 hits, 0 errors, 0 left on base; Hickory 13 - Lexington 2
BOTTOM OF THE 8TH
Lexington Legends batting - Pitching for Hickory Crawdads : RHP Dan Dill
Batting: RHB Jonas Fernandez 0-0: Ground out 6-3 (Groundball, 6, EV 83.8 MPH)
Batting: LHB Edgar Ortiz 0-0: Ball
1-0: Called Strike
1-1: Ball
2-1: Foul Ball, location: 2F
2-2: Foul Ball, location: 2F
2-2: Ball
3-2: Base on Balls
Batting: RHB Chang-keun Baik 0-0: Ball
1-0: Ball
2-0: Foul Ball, location: 2F
2-1: Grounds into double play, 5-4-3 (Groundball, 5, EV 106.9 MPH)
Bottom of the 8th over - 0 runs, 0 hits, 0 errors, 0 left on base; Hickory 13 - Lexington 2
TOP OF THE 9TH
Hickory Crawdads batting - Pitching for Lexington Legends : RHP Brian Hunt
Batting: LHB Alfonso Collazo 0-0: Foul Ball, location: 2F
0-1: Foul Ball, location: 2F
0-2: Ball
1-2: Ball
2-2: Strikes out swinging
Batting: RHB Jorge Benites 0-0: Called Strike
0-1: Foul Ball, location: 2F
0-2: Ball
1-2: Ground out 5-3 (Groundball, 56S, EV 65.0 MPH)
Pinch Hitting: RHB Dermott Neill 0-0: Ball
1-0: Ball
2-0: Ball
3-0: Base on Balls
Batting: RHB Jose Pineda 0-0: Called Strike
0-1: Called Strike
0-2: SINGLE (Groundball, 56, EV 108.8 MPH)
Dermott Neill to second
Batting: RHB Zach Thomason 0-0: Called Strike
0-1: Ball
1-1: Ball
2-1: Ball
3-1: Ground out 4-3 (Groundball, 4, EV 87.5 MPH)
Top of the 9th over - 0 runs, 1 hit, 0 errors, 2 left on base; Hickory 13 - Lexington 2
BOTTOM OF THE 9TH
Lexington Legends batting - Pitching for Hickory Crawdads : RHP Dan Dill
Now at 1B: Dermott Neill
Pinch Hitting: RHB Chance Argy 0-0: Ball
1-0: Fly out, F4 (Line Drive, 4, EV 66.9 MPH)
Batting: RHB David Rubio 0-0: Ball
1-0: SINGLE (Line Drive, 78M, EV 103.1 MPH)
Batting: LHB Shohei Nishi 0-0: Called Strike
0-1: Ball
1-1: Foul Ball, location: 2F
1-2: Foul Ball, location: 2F
1-2: Foul Ball, location: 2F
1-2: Strikes out swinging
Batting: RHB Ian Hornsby 0-0: Ball
1-0: Swinging Strike
1-1: Swinging Strike
1-2: Ball
2-2: Ball
3-2: Base on Balls
David Rubio to second
Batting: LHB David Bearden 0-0: Called Strike
0-1: Ball
1-1: Foul Ball, location: 2F
1-2: Strikes out looking
Bottom of the 9th over - 0 runs, 1 hit, 0 errors, 2 left on base; Hickory 13 - Lexington 2
Sunday, July 16th , 2023 - OOTP Baseball 24.6 Build 69